[Event "Team 45 45 League T54"]
[Site "Internet Chess Club"]
[Date "2012.08.29"]
[Round "2"]
[White "calily"]
[Black "elessar"]
[Result "1/2-1/2"]
[WhiteElo "1599"]
[BlackElo "1588"]
[Opening "Queen's pawn game, Darooha variation "]
[ECO "D02"]
[Time "15:00:38"]
[TimeControl "2700+45"]

1. Nf3 d5 2. d4 Nf6 3. g3 c6 4. Bg2 Nbd7 5. O-O e6 6. Nbd2 c5 7. c4 Nb6 8. dxc5
Bxc5 9. cxd5 Nfxd5 10. Nb3 Qe7 11. Bg5 f6 12. Nxc5 fxg5 13. Rc1 O-O 14. e4 Nf6
15. Nxg5 Rd8 16. Qb3 Re8 17. Bh3 Kh8 18. Bxe6 Bxe6 19. Ngxe6 Rac8 20. a4 Nxe4
21. Nxe4 Qxe6 22. Qxe6 Rxe6 23. Rxc8+ Nxc8 24. Rc1 Ne7 25. Ng5 Rc6 26. Re1 Rc7
27. Rd1 Nc6 28. Rc1 h6 29. Ne6 Re7 30. Nf4 Kg8 31. Kg2 Kf7 32. Nd5 Rd7 33. Ne3
Rd4 34. Rc4 Rd2 35. b4 Rd4 36. b5 Rxc4 37. Nxc4 Nd8 38. Kf3 Ke7 39. a5 a6 40. b6
Nc6 41. Ke4 Ke6 {Game drawn by mutual agreement} 1/2-1/2

[Event "Team 45 45 League T54"]
[Site "Internet Chess Club"]
[Date "2012.08.25"]
[Round "2"]
[White "Hal2001"]
[Black "isolani"]
[Result "0-1"]
[WhiteElo "1649"]
[BlackElo "1644"]
[Opening "Pirc: Austrian attack"]
[ECO "B09"]
[Time "18:29:21"]
[TimeControl "2700+45"]

1. e4 d6 2. d4 Nf6 3. Nc3 g6 4. f4 Bg7 5. Nf3 O-O 6. h3 Nh5 7. Ne2 c5 8. Be3
cxd4 9. Nfxd4 Nc6 10. g4 Nf6 11. Bg2 Qa5+ 12. c3 Qc7 13. O-O a6 14. Ng3 e5 15.
Nxc6 bxc6 16. f5 d5 17. g5 Nxe4 18. Bxe4 dxe4 19. f6 Rd8 20. Qe2 Bf8 21. Rad1
Bxh3 22. Rxd8 Rxd8 23. Rd1 Bf5 24. Rxd8 Qxd8 25. Qd2 Qxd2 26. Bxd2 Bc5+ 27. Kf1
e3 28. Be1 h6 29. gxh6 Kh7 30. Kg2 Kxh6 31. Kf3 Kg5 32. Ne4+ Bxe4+ 33. Kxe4 Kxf6
34. Bh4+ Ke6 35. b4 f5+ 36. Kf3 Be7 37. Bg3 f4 38. Be1 Kd5 39. a4 g5 {White
resigns} 0-1

[Event "Team 45 45 League T54"]
[Site "Internet Chess Club"]
[Date "2012.08.27"]
[Round "2"]
[White "sockmonkey"]
[Black "Gilguli"]
[Result "0-1"]
[WhiteElo "1347"]
[BlackElo "1518"]
[Opening "Torre attack (Tartakower variation)"]
[ECO "D03"]
[Time "14:00:23"]
[TimeControl "2700+45"]

1. d4 d5 2. Nf3 Nf6 3. Bg5 Bg4 4. e3 e6 5. Be2 c5 6. c3 c4 7. b3 b5 8. a4 a6 9.
axb5 cxb3 10. Qxb3 Qb6 11. Nbd2 Bd6 12. bxa6 Qxb3 13. Nxb3 Ne4 14. Bf4 Bxf4 15.
exf4 O-O 16. h3 Bxf3 17. Bxf3 Nxc3 18. Nc5 Nb5 19. a7 Rxa7 20. Rxa7 Nxa7 21. O-O
Nb5 22. Rd1 Nc6 23. Nb3 Ra8 24. Be2 Nc3 25. Rd2 Nxe2+ 26. Rxe2 Rb8 27. Rc2 Rxb3
28. Rxc6 Rb1+ 29. Kh2 Kf8 30. Rc8+ Ke7 31. Rh8 h6 32. Rh7 Kf6 33. g4 Rb8 {White
resigns} 0-1

[Event "Team 45 45 League T54"]
[Site "Internet Chess Club"]
[Date "2012.08.24"]
[Round "2"]
[White "Zugzwanged"]
[Black "spongenotbob"]
[Result "0-1"]
[WhiteElo "1650"]
[BlackElo "1795"]
[Opening "Caro-Kann: exchange variation"]
[ECO "B13"]
[Time "18:00:18"]
[TimeControl "2700+45"]

1. e4 c6 2. d4 d5 3. exd5 cxd5 4. Bd3 Nc6 5. c3 e6 6. Bf4 Bd6 7. Bxd6 Qxd6 8.
Nf3 Nf6 9. O-O O-O 10. Re1 a6 11. a4 Nd7 12. Bxh7+ Kxh7 13. Ng5+ Kg6 14. Qg4 f5
15. Qh4 Nf6 16. f4 Nh5 17. Nh3 Qe7 18. Ng5 Nxf4 19. Qxf4 Qxg5 20. Qd6 Na5 21.
Qxf8 Nc4 22. Na3 Nxb2 23. Qe8+ Kh7 24. Ra2 Nd3 25. Rf1 f4 26. Rf3 e5 27. dxe5
Nxe5 28. Rff2 f3 29. Kf1 Qc1# {White checkmated} 0-1

[Event "Team 45 45 League T54"]
[Site "Internet Chess Club"]
[Date "2012.08.26"]
[Round "2"]
[White "drsigmund1"]
[Black "Timotheous"]
[Result "0-1"]
[WhiteElo "1516"]
[BlackElo "1856"]
[Opening "King's Indian: London system"]
[ECO "A45"]
[Time "07:30:59"]
[TimeControl "2700+45"]

1. d4 Nf6 2. Bf4 g6 3. Nf3 Bg7 4. h3 O-O 5. e3 b6 6. Bd3 Bb7 7. Nbd2 c5 8. c3
cxd4 9. cxd4 d6 10. O-O e5 11. dxe5 dxe5 12. Nxe5 Nh5 13. Ndf3 Nxf4 14. exf4 Nd7
15. Qb3 Nc5 16. Qd1 Bxf3 17. Qxf3 Bxe5 18. fxe5 Qxd3 19. Qg4 Qe4 20. f4 Qd4+ 21.
Kh1 Qxb2 22. f5 Qxe5 23. Rae1 Qf6 24. Rf3 Rae8 25. Ref1 h5 26. Qf4 g5 27. Qg3
Ne4 28. Qe1 h4 29. Qd1 Ng3+ 30. Rxg3 hxg3 31. Qh5 Kg7 32. Qg4 Re3 33. Kg1 Rh8
34. Qd1 Rh4 35. Qd2 Ree4 36. Qd3 Qd4+ {White resigns} 0-1

[Event "Team 45 45 League T54"]
[Site "Internet Chess Club"]
[Date "2012.08.24"]
[Round "2"]
[White "supermessi"]
[Black "sdcohle"]
[Result "1/2-1/2"]
[WhiteElo "1625"]
[BlackElo "1404"]
[Opening "Queen's gambit accepted"]
[ECO "D20"]
[Time "13:00:14"]
[TimeControl "2700+45"]

1. d4 d5 2. c4 dxc4 3. e3 Nf6 4. Bxc4 a6 5. Nc3 e6 6. Nf3 Bb4 7. Bd2 O-O 8. O-O
Nbd7 9. a3 Bxc3 10. Bxc3 Ne4 11. Qd3 Nxc3 12. Qxc3 b6 13. Rac1 Bb7 14. Nd2 Rc8
15. Rfd1 c5 16. dxc5 b5 17. Ba2 Rxc5 18. Qd4 Rxc1 19. Rxc1 Qg5 20. g3 Rd8 21.
Qa7 Bd5 22. f4 Qf6 23. Bxd5 Qxb2 24. Qc7 Rf8 25. Rc2 Qxa3 26. Bxe6 Qxe3+ 27. Kf1
Qxe6 28. Rc6 Qh3+ 29. Ke1 Nf6 30. Nf3 Qg2 31. Rc3 Ne4 32. Rd3 Qf2+ 33. Kd1 Qf1+
34. Kc2 Qe2+ 35. Nd2 Nf2 36. Rd8 Qd1+ 37. Kb2 g6 38. Rxf8+ Kxf8 39. Qc5+ Kg7 40.
Qxf2 Qg4 41. Qd4+ Kg8 42. Qe3 Qd7 43. Nb3 Qc7 44. h3 a5 45. Qe8+ Kg7 46. Qxb5
Qa7 47. Ka3 Qe7+ 48. Qc5 Qb7 49. Qc3+ Kg8 50. Nxa5 Qe7+ 51. Kb3 Qd7 52. h4 Qb5+
53. Kc2 Qf5+ 54. Kd2 Qd5+ 55. Ke1 Qh1+ 56. Kf2 Qh2+ 57. Kf3 Qh1+ 58. Kg4 Qd1+
59. Kh3 Qf1+ 60. Kh2 Qf2+ 61. Kh1 Qf1+ 62. Kh2 Qf2+ 63. Kh3 Qf1+ 64. Kg4 Qd1+
65. Kh3 Qf1+ 66. Kg4 Qd1+ 67. Kh3 Qf1+ 68. Kg4 Qd1+ 69. Kh3 Qf1+ 70. Kh2 Qf2+
71. Kh1 Qf1+ 72. Kh2 {Game drawn by repetition} 1/2-1/2

[Event "Team 45 45 League T54"]
[Site "Internet Chess Club"]
[Date "2012.08.30"]
[Round "2"]
[White "cys456"]
[Black "rubo"]
[Result "1-0"]
[WhiteElo "1825"]
[BlackElo "1672"]
[Opening "Caro-Kann: advance variation"]
[ECO "B12"]
[Time "19:00:10"]
[TimeControl "2700+45"]

1. e4 c6 2. d4 d5 3. e5 Bf5 4. Nf3 e6 5. Bd3 Bxd3 6. Qxd3 Nd7 7. O-O Ne7 8. Bg5
Qb6 9. b3 Ng6 10. a4 c5 11. a5 Qc7 12. c3 cxd4 13. cxd4 Rc8 14. Nbd2 h6 15. Be3
Qc2 16. Qxc2 Rxc2 17. Rfc1 Rxc1+ 18. Rxc1 Kd8 19. Nb1 Bb4 20. Bd2 Bxd2 21. Nfxd2
Nf4 22. Kf1 Nd3 23. Rc3 Nb4 24. Na3 a6 25. Nc2 Na2 26. Rf3 Ke7 27. Ke1 Rc8 28.
Kd1 Nb8 29. b4 Nc3+ 30. Kc1 Nb5 31. Rd3 Nc6 32. Kb2 f6 33. f4 fxe5 34. fxe5 Rf8
35. Nb3 Rf2 36. Kc1 Rxc2+ 37. Kxc2 Nxb4+ 38. Kd2 Nxd3 39. Kxd3 Na3 40. Nc5 Nc4
41. Nxb7 g6 42. Kc3 Ne3 43. Nc5 Nxg2 44. Nxa6 Kd8 45. Nc5 Nf4 46. a6 Kc7 47. a7
Ne2+ 48. Kd3 Nf4+ 49. Ke3 Ng2+ 50. Kf2 {Black resigns} 1-0

[Event "Team 45 45 League T54"]
[Site "Internet Chess Club"]
[Date "2012.08.27"]
[Round "2"]
[White "Portola"]
[Black "Kibamar101"]
[Result "1-0"]
[WhiteElo "1668"]
[BlackElo "1426"]
[Opening "Queen's pawn game"]
[ECO "A46"]
[Time "18:00:15"]
[TimeControl "2700+45"]

1. d4 Nf6 2. Nf3 e6 3. Bf4 b6 4. e3 Bb7 5. c3 Be7 6. Bd3 O-O 7. h3 Nc6 8. Nbd2
d5 9. Qe2 Re8 10. O-O h6 11. Bg3 Bd6 12. Ne5 Nd7 13. f4 Ncxe5 14. fxe5 Be7 15.
Qh5 Rf8 16. Rf2 g6 17. Qg4 Bg5 18. Qe2 a5 19. Nf3 Be7 20. Raf1 Nb8 21. Nh2 Ba6
22. Bxa6 Nxa6 23. Ng4 Bg5 24. Nf6+ Bxf6 25. Rxf6 Qe8 26. e4 c6 27. exd5 cxd5 28.
Qe3 h5 29. Bf4 Qe7 30. Bh6 Rfe8 31. Rxf7 Qxf7 32. Rxf7 Kxf7 33. Qg5 Ra7 34. Qf6+
Kg8 35. Qxg6+ Kh8 36. Qxe8+ Kh7 37. Qxe6 {Black resigns} 1-0

[Event "Team 45 45 League T54"]
[Site "Internet Chess Club"]
[Date "2012.08.23"]
[Round "2"]
[White "anna"]
[Black "g8wrb"]
[Result "1/2-1/2"]
[WhiteElo "1658"]
[BlackElo "1446"]
[Opening "French: advance, Milner-Barry gambit"]
[ECO "C02"]
[Time "11:01:13"]
[TimeControl "2700+45"]

1. e4 e6 2. d4 d5 3. e5 c5 4. c3 Nc6 5. Nf3 Qb6 6. Bd3 cxd4 7. cxd4 Nge7 8. Nc3
Ng6 9. O-O Bd7 10. Bc2 Be7 11. a3 O-O 12. b4 Rac8 13. Na4 Qc7 14. Bd3 Nd8 15.
Bd2 Qc6 16. Nb2 b5 17. Qe2 a6 18. Rac1 Qb7 19. Rxc8 Qxc8 20. Rc1 Qb7 21. Nd1 Nc6
22. g3 Nb8 23. Ne3 Bc6 24. Ng2 Nd7 25. Nf4 Nxf4 26. Bxf4 Rc8 27. Qf1 Nf8 28. h4
Be8 29. Rxc8 Qxc8 30. Bd2 Qd8 31. Qh3 Kh8 32. Qg4 f6 33. exf6 Bxf6 34. h5 h6
{Game drawn by mutual agreement} 1/2-1/2

[Event "Team 45 45 League T54"]
[Site "Internet Chess Club"]
[Date "2012.08.24"]
[Round "2"]
[White "AtomicDog"]
[Black "scotty30"]
[Result "0-1"]
[WhiteElo "1393"]
[BlackElo "1484"]
[Opening "Scandinavian (center counter) defense"]
[ECO "B01"]
[Time "11:00:45"]
[TimeControl "2700+45"]

1. e4 d5 2. exd5 Qxd5 3. Nc3 Qd8 4. d4 Nf6 5. Nf3 Bg4 6. Be2 c6 7. Bf4 e6 8. Qd3
Be7 9. O-O-O O-O 10. h3 Bh5 11. g4 Bg6 12. Qd2 Bb4 13. a3 Ne4 14. Qe3 Nxc3 15.
bxc3 Bxa3+ 16. Kb1 Qb6+ {White resigns} 0-1

[Event "Team 45 45 League T54"]
[Site "Internet Chess Club"]
[Date "2012.08.26"]
[Round "2"]
[White "sonoftill"]
[Black "siddhu"]
[Result "1-0"]
[WhiteElo "1924"]
[BlackElo "1863"]
[Opening "Queen's pawn, Mason variation"]
[ECO "D00"]
[Time "13:05:26"]
[TimeControl "2700+45"]

1. d4 d5 2. Bf4 Nf6 3. e3 Bf5 4. Nf3 e6 5. Nbd2 a6 6. c3 c5 7. h3 Nc6 8. Be2 Bd6
9. Ne5 Bxe5 10. dxe5 Nd7 11. e4 Bxe4 12. Nxe4 dxe4 13. Qa4 Qc7 14. Qxe4 Ncxe5
15. O-O-O Qc6 16. Qe3 Ng6 17. Bg3 O-O 18. Bf3 Qb5 19. Qe4 Rad8 20. Bd6 Rfe8 21.
a4 Qb6 22. Qxb7 Qxb7 23. Bxb7 Nb6 24. Bc7 Rxd1+ 25. Rxd1 Nd5 26. Bd6 Ngf4 27.
Bxc5 Nxg2 28. c4 Ndf4 29. b4 Nh4 30. Bxa6 Nf3 31. Bb5 Rc8 32. a5 Ne5 33. Kc2
Nfd3 34. Rxd3 Nxd3 35. Kxd3 {Black resigns} 1-0

[Event "Team 45 45 League T54"]
[Site "Internet Chess Club"]
[Date "2012.08.22"]
[Round "2"]
[White "elmaestro"]
[Black "bgolev"]
[Result "0-1"]
[WhiteElo "1792"]
[BlackElo "1814"]
[Opening "English, 1...Nf6 (Anglo-Indian defense)"]
[ECO "A15"]
[Time "22:34:16"]
[TimeControl "2700+45"]

1. c4 Nf6 2. g3 g6 3. Bg2 Bg7 4. Nf3 O-O 5. O-O c5 6. d4 cxd4 7. Nxd4 Nc6 8. Nc3
Nxd4 9. Qxd4 d6 10. Rb1 Bf5 11. Ra1 Ne4 12. Qe3 Nxc3 13. bxc3 Qc7 14. Ba3 Rac8
15. Rfc1 b6 16. Bf3 Qd7 17. Bd5 e6 18. Be4 Bxe4 19. Qxe4 Rc6 20. Rab1 Rfc8 21.
Rb4 Qc7 22. Qd3 Rxc4 23. Rxc4 Qxc4 24. Qe3 d5 25. Rc2 Qa4 26. Qc1 Rc4 27. Bd6
Qc6 28. Bb8 Qb7 29. Bd6 Qc8 30. Qa3 a6 31. Bf4 d4 32. Bd2 dxc3 33. Be3 Bf8 34.
Qb3 b5 35. Bf4 Qc6 36. Qb1 Bg7 37. Qc1 b4 38. Qe3 Rd4 39. f3 Rd1+ 40. Kg2 Bd4
41. Qe4 Qxe4 42. fxe4 e5 43. Rc1 Rxc1 44. Bxc1 f5 45. Kf3 Kf7 46. exf5 gxf5 47.
e3 Bc5 48. e4 Ke6 49. g4 f4 50. h4 a5 51. g5 a4 52. Ke2 b3 53. axb3 axb3 {White
resigns} 0-1

[Event "Team 45 45 League T54"]
[Site "Internet Chess Club"]
[Date "2012.08.26"]
[Round "2"]
[White "jjmolina"]
[Black "Greedy-Reedy"]
[Result "1-0"]
[WhiteElo "1852"]
[BlackElo "1971"]
[Opening "Pirc: classical, h3 system"]
[ECO "B08"]
[Time "12:52:21"]
[TimeControl "2700+45"]

1. e4 d6 2. d4 Nf6 3. Nc3 g6 4. Nf3 Bg7 5. h3 O-O 6. Be3 c6 7. Qd2 b5 8. Bd3 Re8
9. O-O-O Qa5 10. Kb1 b4 11. Ne2 c5 12. dxc5 Be6 13. Nc1 dxc5 14. Ng5 c4 15. Nxe6
cxd3 16. Nxg7 dxc2+ 17. Qxc2 Kxg7 18. Nb3 Qe5 19. f3 Nbd7 20. g4 Rec8 21. Qf2
Qb5 22. g5 Nh5 23. Rd5 Qa6 24. Rxd7 Qb5 25. Rxe7 Qd3+ 26. Ka1 Rc2 27. Qe1 a5 28.
Nc5 Qc4 29. Rc7 a4 30. Ne6+ Qxe6 31. Rxc2 b3 32. Rc3 a3 33. Bd4+ Kg8 34. Rxb3
axb2+ 35. Kb1 Qa6 36. Rxb2 Qd3+ 37. Ka1 Qxd4 38. Qd1 Qe5 39. Qd5 Qe8 40. Rd1 Nf4
41. Qd2 Qe5 42. h4 Re8 43. Qd4 Qa5 44. Qb6 Qc3 45. Qb3 Qc7 46. Rc2 Qe5+ 47. Qc3
Qe6 48. Qf6 Qxf6+ 49. gxf6 Nh5 50. Rd6 Nf4 51. a4 Ra8 52. Ra2 Ne6 53. a5 h6 54.
a6 g5 55. hxg5 hxg5 56. Rb6 Kh7 57. a7 Kg6 58. Rb8 Nc7 59. Rxa8 Nxa8 60. e5 Kf5
61. Ra5 Ke6 62. Kb2 Kd7 63. Kc3 Kc6 64. Kd4 Kb6 65. Ra1 Kb7 66. Ke4 Nc7 67. Kf5
Na6 68. Rxa6 {Black resigns} 1-0

[Event "Team 45 45 League T54"]
[Site "Internet Chess Club"]
[Date "2012.08.26"]
[Round "2"]
[White "Nakke"]
[Black "perikitosax"]
[Result "1/2-1/2"]
[WhiteElo "1950"]
[BlackElo "1974"]
[Opening "Benoni defense"]
[ECO "A61"]
[Time "11:01:22"]
[TimeControl "2700+45"]

1. d4 Nf6 2. c4 e6 3. Nc3 c5 4. d5 exd5 5. cxd5 d6 6. Nf3 g6 7. Bf4 a6 8. a4 Bg7
9. h3 O-O 10. e3 Qe7 11. Nd2 Nbd7 12. Be2 Ne8 13. O-O f5 14. Qc2 Ne5 15. a5 g5
16. Bxe5 Bxe5 17. Nc4 f4 18. Nb6 Rb8 19. Nxc8 Rxc8 20. exf4 gxf4 21. Bf3 Nf6 22.
Na4 Kh8 23. Nb6 Rce8 24. Nc4 Qg7 25. Rae1 Re7 26. Nxe5 dxe5 27. d6 Re6 28. Qxc5
e4 29. Bd1 Rg8 30. g3 fxg3 31. f4 Rd8 32. Bc2 Rexd6 33. Bxe4 Nxe4 34. Rxe4 Qxb2
35. Qe5+ Qxe5 36. fxe5 Re6 37. Rf7 Rde8 38. Rh4 {Game drawn by mutual agreement}
1/2-1/2

[Event "Team 45 45 League T54"]
[Site "Internet Chess Club"]
[Date "2012.08.23"]
[Round "2"]
[White "LucaTrapani"]
[Black "zap2"]
[Result "1-0"]
[WhiteElo "1816"]
[BlackElo "1754"]
[Opening "Nimzo-Indian: Kmoch variation"]
[ECO "E20"]
[Time "08:16:37"]
[TimeControl "2700+45"]

1. d4 Nf6 2. c4 e6 3. Nc3 Bb4 4. f3 Bxc3+ 5. bxc3 d6 6. e4 O-O 7. Bd3 Nc6 8. Bg5
e5 9. d5 Na5 10. Ne2 b6 11. Ng3 Ba6 12. Qe2 h6 13. Be3 Re8 14. O-O Qd7 15. a4
Rac8 16. Nf5 c6 17. f4 cxd5 18. fxe5 dxe5 19. Nxh6+ Kf8 20. cxd5 Bxd3 21. Qxd3
Nc4 22. Bg5 Nd6 23. Rxf6 gxf6 24. Bxf6 Rxc3 25. Qxc3 Nxe4 26. Qb4+ Nc5 27. d6
Qxd6 28. Bg7+ Kxg7 29. Nf5+ Kf8 30. Nxd6 Rd8 31. Ne4 Rd4 32. Qxd4 exd4 33. Nxc5
bxc5 34. Rc1 Ke7 35. Rxc5 Kd6 36. Ra5 f6 37. Kf2 Kc6 38. Ke2 a6 39. Kd3 f5 40.
Rxf5 {Black resigns} 1-0

[Event "Team 45 45 League T54"]
[Site "Internet Chess Club"]
[Date "2012.08.27"]
[Round "2"]
[White "seikster"]
[Black "jjmolina"]
[Result "1-0"]
[WhiteElo "1826"]
[BlackElo "1834"]
[Opening "Scotch: Schmidt variation"]
[ECO "C45"]
[Time "17:02:05"]
[TimeControl "2700+45"]

1. e4 e5 2. Nf3 Nc6 3. d4 exd4 4. Nxd4 Nf6 5. Nxc6 bxc6 6. Nc3 Bb4 7. Bd3 d5 8.
e5 Bxc3+ 9. bxc3 Nd7 10. Qh5 g6 11. Qh6 Qe7 12. O-O Qf8 13. Qh4 Nc5 14. Ba3 a5
15. Qf6 Be6 16. Bxc5 {Black resigns} 1-0

[Event "Team 45 45 League T54"]
[Site "Internet Chess Club"]
[Date "2012.08.24"]
[Round "2"]
[White "barbak"]
[Black "creditordebit"]
[Result "0-1"]
[WhiteElo "1911"]
[BlackElo "1871"]
[Opening "Sicilian: dragon, Yugoslav attack, Rauser variation"]
[ECO "B76"]
[Time "18:30:42"]
[TimeControl "2700+45"]

1. e4 c5 2. Nf3 d6 3. d4 cxd4 4. Nxd4 Nf6 5. Nc3 g6 6. Be3 Bg7 7. f3 Nc6 8. Qd2
O-O 9. O-O-O Bd7 10. h4 h5 11. Be2 Ne5 12. Rdg1 Rc8 13. g4 hxg4 14. h5 gxh5 15.
Bh6 Rxc3 16. bxc3 Bxh6 17. Qxh6 Qc7 18. Kd2 Rc8 19. Qg5+ Ng6 20. c4 gxf3 21. Bd3
f2 22. Rg3 Qc5 23. Nf5 Qe5 24. Rf1 Rxc4 25. Rxf2 Bxf5 26. exf5 Ne4+ 27. Bxe4
Rxe4 28. Rf1 Qb5 29. Rff3 Re2+ 30. Kd1 Re4 31. Re3 Qf1+ 32. Kd2 Rd4+ 33. Rd3
Rxd3+ 34. Rxd3 Qf2+ 35. Kd1 Qf1+ 36. Kd2 Qf4+ 37. Qxf4 Nxf4 38. Rd4 Ng2 {White
forfeits on time} 0-1

[Event "Team 45 45 League T54"]
[Site "Internet Chess Club"]
[Date "2012.08.25"]
[Round "2"]
[White "wildkingdumb2"]
[Black "prideofandhra"]
[Result "1-0"]
[WhiteElo "1844"]
[BlackElo "1609"]
[Opening "French: classical, Steinitz variation"]
[ECO "C14"]
[Time "15:01:57"]
[TimeControl "2700+45"]

1. e4 e6 2. d4 d5 3. Nc3 Nf6 4. Bg5 Be7 5. e5 Nfd7 6. Bxe7 Qxe7 7. f4 a6 8. Nf3
c5 9. dxc5 Nc6 10. Bd3 Nxc5 11. O-O Nxd3 12. Qxd3 O-O 13. Kh1 f6 14. exf6 Qxf6
15. a3 Qxf4 16. Rae1 Qf5 17. Qe2 Bd7 18. Na4 Rae8 19. Nb6 Bc8 20. Nxc8 Rxc8 21.
Nd2 Qxc2 22. Qxe6+ Kh8 23. Rxf8+ Rxf8 24. Qf7 Rg8 25. Re8 Qd1+ 26. Nf1 Qxf1+ 27.
Qxf1 Rxe8 28. h3 Kg8 29. Qd3 Rd8 30. g4 g6 31. Kg2 Rd7 32. h4 d4 33. Qc4+ Kg7
34. Kf1 d3 35. Ke1 d2+ 36. Kd1 Ne5 37. Qe6 {Black resigns} 1-0

[Event "Team 45 45 League T54"]
[Site "Internet Chess Club"]
[Date "2012.08.27"]
[Round "2"]
[White "SaltofLife"]
[Black "lasker25"]
[Result "1/2-1/2"]
[WhiteElo "1969"]
[BlackElo "1925"]
[Opening "King's Indian: Petrosian system, main line"]
[ECO "E93"]
[Time "17:03:36"]
[TimeControl "2700+45"]

1. d4 Nf6 2. Nf3 g6 3. c4 Bg7 4. Nc3 O-O 5. e4 d6 6. Be2 e5 7. d5 Nbd7 8. Be3
Ng4 9. Bd2 f5 10. Ng5 Ndf6 11. exf5 gxf5 12. h3 Nh6 13. Ne6 Bxe6 14. dxe6 Kh8
15. g4 Ne8 16. Nd5 Ng8 17. gxf5 Rxf5 18. Bd3 Rf8 19. Qh5 Nef6 20. Qh4 e4 21. Bc2
c6 22. Nxf6 Qxf6 23. Qxf6 Rxf6 24. e7 Nxe7 25. O-O-O Re6 26. Rhe1 d5 27. Bb4
dxc4 28. Rd7 Nd5 29. Rxb7 Nxb4 30. Rxb4 Bd4 31. Rxe4 Rxe4 32. Bxe4 Bxf2 33. Bxc6
Rd8 34. Rxc4 Rd3 35. Rc3 Rxc3+ 36. bxc3 Kg7 37. Kd2 Kf6 38. Kd3 Ke5 39. Kc4 Kd6
40. Be4 {Game drawn by mutual agreement} 1/2-1/2

[Event "Team 45 45 League T54"]
[Site "Internet Chess Club"]
[Date "2012.08.27"]
[Round "2"]
[White "CheeryCherry"]
[Black "LukeOZade"]
[Result "1-0"]
[WhiteElo "1636"]
[BlackElo "1672"]
[Opening "Scotch: Göring gambit, Bardeleben variation"]
[ECO "C44"]
[Time "14:19:31"]
[TimeControl "2700+45"]

1. e4 e5 2. Nf3 Nc6 3. d4 exd4 4. c3 dxc3 5. Bc4 Nf6 6. Nxc3 Bb4 7. O-O Bxc3 8.
bxc3 O-O 9. e5 Ng4 10. Bf4 Qe7 11. Re1 Nxf2 12. Qd5 Ng4 13. h3 Nh6 14. Bxh6 gxh6
15. Re4 d6 16. Qd2 Be6 17. Qxh6 d5 18. Ng5 f5 19. Nxe6 fxe4 20. Bxd5 Kh8 21.
Nxf8 Rxf8 22. Bxe4 Nxe5 23. Rd1 Rf6 24. Rd8+ {Black resigns} 1-0

[Event "Team 45 45 League T54"]
[Site "Internet Chess Club"]
[Date "2012.08.25"]
[Round "2"]
[White "nursey"]
[Black "Whalen"]
[Result "1-0"]
[WhiteElo "1638"]
[BlackElo "1656"]
[Opening "French: Winawer, advance, 6...Ne7"]
[ECO "C18"]
[Time "15:09:40"]
[TimeControl "2700+45"]

1. e4 e6 2. d4 d5 3. Nc3 Bb4 4. e5 c5 5. a3 Bxc3+ 6. bxc3 Ne7 7. Bb5+ Bd7 8.
Bxd7+ Nxd7 9. Rb1 Qc7 10. Bg5 Nc6 11. Nf3 cxd4 12. cxd4 O-O 13. O-O f6 14. exf6
Nxf6 15. Re1 Ne4 16. Bh4 Nc3 17. Bg3 Qe7 18. Bh4 Qd7 19. Qd2 Nxb1 20. Rxb1 Qf7
21. c3 Na5 22. Ne5 Qf5 23. Rb5 a6 24. Rb6 Rac8 25. Bg3 Nc4 26. Nxc4 Rxc4 27.
Rxb7 Rfc8 28. Be5 Rxc3 29. Rxg7+ Kf8 30. h3 Rc2 31. Qb4+ R8c5 32. Qb8+ Rc8 33.
Qd6+ {Black resigns} 1-0

[Event "Team 45 45 League T54"]
[Site "Internet Chess Club"]
[Date "2012.08.25"]
[Round "2"]
[White "BrerRabbit"]
[Black "kingsleywang"]
[Result "1/2-1/2"]
[WhiteElo "1498"]
[BlackElo "1490"]
[Opening "English, 1...Nf6 (Anglo-Indian defense)"]
[ECO "A15"]
[Time "19:02:14"]
[TimeControl "2700+45"]

1. c4 Nf6 2. g3 e5 3. Bg2 d5 4. cxd5 Nxd5 5. Nc3 Be6 6. Nf3 Nc6 7. O-O Qd7 8. d4
Nxc3 9. bxc3 O-O-O 10. Bb2 exd4 11. cxd4 Bh3 12. e3 Bxg2 13. Kxg2 Qd5 14. Qb3
Qxb3 15. axb3 Bd6 16. Ba3 Bxa3 17. Rxa3 h6 18. Rc1 a6 19. Nd2 Kb8 20. Ne4 Rhe8
21. Nc5 Na7 22. Ra4 Nb5 23. Rac4 Rd6 24. Na4 Ree6 25. Nc5 Re8 26. Na4 Ree6 27.
Nc5 Re8 28. Na4 {Game drawn by repetition} 1/2-1/2

[Event "Team 45 45 League T54"]
[Site "Internet Chess Club"]
[Date "2012.08.25"]
[Round "2"]
[White "XGG123"]
[Black "matthewc"]
[Result "1/2-1/2"]
[WhiteElo "1353"]
[BlackElo "1434"]
[Opening "Sicilian: Labourdonnais-Löwenthal (Kalashnikov) variation"]
[ECO "B54"]
[Time "23:02:50"]
[TimeControl "2700+45"]

1. e4 c5 2. Nf3 d6 3. d4 cxd4 4. Nxd4 e5 5. Nb5 Nc6 6. N1c3 a6 7. Na3 Be6 8. Bc4
b5 9. Bxe6 fxe6 10. Ncxb5 axb5 11. Nxb5 Nf6 12. Nc3 d5 13. exd5 exd5 14. Bg5 d4
15. Bxf6 Qxf6 16. Ne2 Bb4+ 17. c3 dxc3 18. Nxc3 Bxc3+ 19. bxc3 e4 20. Qc2 O-O
21. O-O Qh4 22. Rae1 Rae8 23. f3 exf3 24. Rxe8 Rxe8 25. Rxf3 Re1+ 26. Rf1 Rxf1+
27. Kxf1 Qf4+ 28. Kg1 Qe3+ 29. Kf1 Ne5 30. Qb3+ Kf8 31. Qb4+ Kf7 32. Qb7+ Kg6
33. Qb1+ Qd3+ 34. Qxd3+ Nxd3 35. Ke2 Nc5 36. Ke3 Kf5 37. Kd4 Ne6+ 38. Kd5 Nc7+
39. Kc6 Na6 40. c4 Nb4+ 41. Kb5 Nxa2 42. c5 Nc3+ 43. Kc6 Na4 44. Kc7 Nxc5 45.
Kc6 Ne4 46. Kd5 Nd2 47. Kd4 Nf1 48. h3 Kf4 49. g4 h5 50. gxh5 Kg5 51. Ke4 Kxh5
52. Kf3 Nd2+ 53. Kg2 Ne4 54. Kh2 Nf2 55. Kg3 Nxh3 56. Kxh3 g6 57. Kg2 Kg4 58.
Kh2 g5 59. Kg2 Kh4 60. Kh2 Kg4 61. Kg2 Kf4 62. Kf2 g4 63. Kg2 g3 64. Kg1 Kf3 65.
Kf1 Kg4 66. Kg1 Kh4 67. Kg2 Kg4 68. Kg1 Kh3 69. Kh1 Kg4 70. Kg2 Kf4 71. Kg1 Kf3
72. Kf1 g2+ 73. Kg1 Kg3 {White stalemated} 1/2-1/2

[Event "Team 45 45 League T54"]
[Site "Internet Chess Club"]
[Date "2012.08.26"]
[Round "2"]
[White "JRussell2"]
[Black "hi12980"]
[Result "0-1"]
[WhiteElo "1395"]
[BlackElo "1565"]
[Opening "Sicilian: Najdorf, Lipnitzky attack"]
[ECO "B90"]
[Time "18:00:13"]
[TimeControl "2700+45"]

1. e4 c5 2. Nf3 d6 3. d4 cxd4 4. Nxd4 Nf6 5. Nc3 a6 6. Bc4 e5 7. Nf3 Be7 8. O-O
O-O 9. h3 Qc7 10. Bb3 Be6 11. Bxe6 fxe6 12. Ng5 Qd7 13. Nf3 h6 14. Nh4 Re8 15.
Ng6 Kh7 16. Nxe7 Qxe7 17. f4 Nbd7 18. f5 exf5 19. Rxf5 Nc5 20. Nd5 Nxd5 21. Qxd5
Rf8 22. Rxf8 Rxf8 23. Be3 b6 24. Rd1 Rf6 25. Bxc5 bxc5 26. Qc6 a5 27. Qa6 Qc7
28. Rf1 Rg6 29. Qc4 Qc8 30. Qf7 Rg5 31. Qf3 Qe6 32. b3 Qg6 33. Rf2 h5 34. Qf7
Rg3 35. Qxg6+ Kxg6 36. Rf3 Rxf3 37. gxf3 Kg5 38. Kg2 c4 39. bxc4 Kf4 40. Kf2 g5
41. a4 g4 42. hxg4 hxg4 43. fxg4 Kxg4 44. Ke2 Kf4 45. Kd3 Kf3 46. c3 Kf4 47. c5
dxc5 48. c4 Kf3 49. Kd2 Kxe4 50. Kc2 Kd4 51. Kb3 e4 {White resigns} 0-1

[Event "Team 45 45 League T54"]
[Site "Internet Chess Club"]
[Date "2012.08.25"]
[Round "2"]
[White "browndeer"]
[Black "PsyMar"]
[Result "0-1"]
[WhiteElo "1413"]
[BlackElo "1327"]
[Opening "French: advance, Milner-Barry gambit"]
[ECO "C02"]
[Time "12:00:44"]
[TimeControl "2700+45"]

1. e4 e6 2. d4 d5 3. e5 c5 4. c3 Nc6 5. Nf3 Qb6 6. Bd3 Bd7 7. Bc2 cxd4 8. cxd4
Nh6 9. h3 Nb4 10. Bb3 Nc6 11. O-O Nf5 12. Be3 Be7 13. Qd2 f6 14. exf6 Bxf6 15.
Rd1 O-O 16. Nc3 Rac8 17. Na4 Qc7 18. Nc5 Nxe3 19. fxe3 b6 20. Nxd7 Qxd7 21. Ba4
Qd6 22. Rac1 Ne7 23. Bc2 Ng6 24. Bxg6 hxg6 25. Qd3 Qg3 26. Rxc8 Rxc8 27. Qa6 Rc2
28. Qxa7 Qxg2# {White checkmated} 0-1